details: 'ghoulsaregay'

« prev index next »

General information

Mini Map

Players

team 1
UndeadMaSiWei (pink | 199 APM | 3031 actions | 15:14)
Hero icon 3 Death Knight
Ability icon 2 Death Coil
Ability icon 1 Unholy Aura
Hero icon 2 Lich
Ability icon 1 Frost Nova
Ability icon 1 Frost Armor
Hero icon 1 Pandaren Brewmaster
Ability icon 1 Drunken Haze

» actions
Assign group hotkey29
Basic commands104
Build / train46
ESC pressed1
Enter build submenu12
Enter hero's abilities submenu7
Give item / drop item1
Remove unit from queue1
Right click1190
Select / deselect466
Select group hotkey1110
Use ability64
3031 total
» units
Acolyte3
Ghoul2
Crypt Fiend9
Obsidian Statue2
Abomination1
17 total
» upgrades
Creature Attack1
Web1
Burrow1
Destroyer Form1
Creature Carapace1
Disease Cloud1
6 total
» buildings
Graveyard1
Altar of Darkness1
Crypt1
Ziggurat4
Tomb of Relics1
Nerubian Tower2
Halls of the Dead2
Slaughterhouse1
Black Citadel1
14 total
» build order
00:07 Graveyard
00:10 Altar of Darkness
00:42 Crypt
00:59 Ziggurat
01:15 Tomb of Relics
01:51 Nerubian Tower
02:34 Ziggurat
04:07 Halls of the Dead
05:15 Nerubian Tower
05:21 Halls of the Dead
06:05 Ziggurat
07:00 Ziggurat
08:33 Slaughterhouse
09:33 Black Citadel
» items
Rod of Necromancy3
Potion of Mana1
Boots of Speed1
Potion of Lesser Invulnerability1
Orb of Corruption1
Potion of Healing1
8 total
team 2
Undeadjust.us.east (red | 166 APM | 2526 actions | 15:14)
Hero icon 4 Lich
Ability icon 2 Frost Nova
Ability icon 2 Dark Ritual
Hero icon 3 Death Knight
Ability icon 2 Death Coil
Ability icon 1 Unholy Aura
Hero icon 3 Dreadlord
Ability icon 2 Sleep
Ability icon 1 Vampiric Aura

» actions
Assign group hotkey63
Basic commands16
Build / train67
ESC pressed3
Enter build submenu21
Enter hero's abilities submenu10
Give item / drop item4
Right click1030
Select / deselect398
Select group hotkey836
Use ability78
2526 total
» units
Acolyte9
Ghoul12
Gargoyle11
Obsidian Statue2
34 total
» upgrades
Burrow1
Ghoul Frenzy1
Destroyer Form1
3 total
» buildings
Crypt4
Altar of Darkness1
Ziggurat8
Tomb of Relics1
Halls of the Dead2
Nerubian Tower2
Graveyard1
Black Citadel1
Slaughterhouse1
Necropolis1
Sacrificial Pit1
23 total
» build order
00:04 Crypt
00:06 Crypt
00:08 Altar of Darkness
00:32 Ziggurat
00:58 Tomb of Relics
02:18 Halls of the Dead
02:18 Halls of the Dead
02:31 Nerubian Tower
02:50 Graveyard
03:12 Crypt
03:43 Ziggurat
05:50 Ziggurat
06:57 Black Citadel
07:08 Slaughterhouse
08:11 Ziggurat
08:12 Ziggurat
10:58 Necropolis
12:28 Ziggurat
12:43 Ziggurat
13:19 Sacrificial Pit
13:21 Ziggurat
13:37 Nerubian Tower
13:39 Crypt
» items
Rod of Necromancy2
Boots of Speed1
Staff of Teleportation2
Orb of Corruption1
Dust of Appearance1
Scroll of Healing2
9 total